 Dungeon Crawl Stone Soup version bcrawl-1.21.2-1-g32d02e0829 (webtiles) character file.

Game seed: 10095681670082334961

52 Mrkan the Skirmisher (level 3, 0/30 HPs)
             Began as a Hill Orc Archaeologist on Feb 19, 2020.
             Was an Initiate of Qazlal.
             Succumbed to a worker ant's poison
             ... on level 2 of the Dungeon.
             The game lasted 00:02:52 (1462 turns).

Mrkan the Skirmisher (Hill Orc Archaeologist)       Turns: 1462, Time: 00:02:52

Health: 0/30       AC: 13    Str: 14    XL:     3   Next: 85%
Magic:  3/3        EV:  4    Int: 14    God:    Qazlal [......]
Gold:   136        SH:  0    Dex:  9    Spells: 2/2 levels left

rFire    . . .     SeeInvis .   a - +0 whip
rCold    . . .     Gourm    .   (no shield)
rNeg     . . .     Faith    .   j - +0 plate armour
rPois    .         Spirit   .   c - +1 hat
rElec    .         Reflect  .   (no cloak)
rCorr    .         Harm     .   (no gloves)
MR       .....                  d - +1 pair of boots
Stlth    ..........             (no amulet)
HPRegen  0.10/turn              (no ring)
MPRegen  0.08/turn              (no ring)

@: lethally poisoned (0 -> -11), swift, flying, very quick
A: no striking features
a: Renounce Religion


You were on level 2 of the Dungeon.
You worshipped Qazlal.
Qazlal was noncommittal.
You were not hungry.

You visited 1 branch of the dungeon, and saw 2 of its levels.

You collected 136 gold pieces.

Inventory:

Hand Weapons
 a - a +0 whip (weapon)
Armour
 c - a +1 hat (worn)
 d - a +1 pair of boots (worn)
 j - a +0 plate armour (worn)
Scrolls
 g - a scroll of magic mapping
 i - a scroll of immolation {unknown}
 l - a scroll of blinking {unknown}
 m - 2 scrolls of enchant weapon {unknown}
Miscellaneous
 f - a dusty tome
Comestibles
 e - 3 rations {!d}
 k - 2 chunks of flesh


   Skills:
 * Level 2.9 Fighting
   Level 2.9 Short Blades
   Level 2.9 Long Blades
   Level 2.9 Axes
   Level 2.9 Maces & Flails
   Level 2.9 Polearms
   Level 2.9 Staves
 + Level 1.8 Armour
 - Level 2.4 Dodging
 - Level 2.6 Stealth
   Level 2.9 Unarmed Combat


You had 2 spell levels left.
You didn't know any spells.
Your spell library was empty.

Dungeon Overview and Level Annotations

Branches:
Dungeon (2/12)

Altars:
Okawaru
Qazlal


Message History

You feel sick.
It was a potion of flight.
You feel very buoyant.
You fly up into the air.
* * * LOW HITPOINT WARNING * * *
You feel sick. The worker ant bites you.
* * * LOW HITPOINT WARNING * * *
You aren't carrying any potions.
You drop a +1 robe.
* * * LOW HITPOINT WARNING * * *
You feel sick.
The worker ant bites you but does no damage.
Your plate armour prevents you from hitting the worker ant.
The worker ant is heavily wounded.
* * * LOW HITPOINT WARNING * * *
You feel sick.
The worker ant bites you but does no damage.
You hit the worker ant but do no damage.
The worker ant is heavily wounded.
You die...

.. ... ####### ..
......# #. ......# .
#.## #.....# . #..#
#.....# ###
#######.####.....# ..
..........†@.....# .
######.####a....# #####
#..###.....# ....######
##..##.....#
.........#####..#######
###..###...# ##.# #
#....###.## #.# #
#.[....#..###.# #
#.##....#...#.#


You could see a worker ant.

Vanquished Creatures
  2 worms (D:1)
  A dart slug (D:1)
  A leopard gecko (D:1)
  3 giant cockroaches (D:2)
  5 hobgoblins
  7 kobolds (D:1)
  5 quokkas
  5 bats
  6 goblins
  5 rats
40 creatures vanquished.

Notes
Turn   | Place    | Note
-------+----------+-------------------------------------------
     0 | D:1      | Mrkan the Hill Orc Archaeologist began the quest for the
                  | Orb.
     0 | D:1      | Reached XP level 1. HP: 16/16 MP: 1/1
   168 | D:1      | Reached XP level 2. HP: 24/24 MP: 2/2
   203 | D:1      | Reached skill level 1 in Armour
   584 | D:1      | Reached XP level 3. HP: 29/30 MP: 3/3
  1248 | D:2      | Found a stormy altar of Qazlal.
  1266 | D:2      | Became a worshipper of Qazlal Stormbringer
  1313 | D:2      | Found an iron altar of Okawaru.
  1460 | D:2      | HP: 1/30 [poisoned by a worker ant]
  1462 | D:2      | Succumbed to a worker ant's poison

Skill      XL: |  1  2 |
---------------+-------+-----
Fighting       | 2 |  2.9
Armour         | 1 |  1.8
Short Blades   | |  2.9
Long Blades    | |  2.9
Axes           | |  2.9
Maces & Flails | |  2.9
Polearms       | |  2.9
Staves         | |  2.9
Dodging        | |  2.4
Stealth        | |  2.6
Unarmed Combat | |  2.9

Action                   || total
-------------------------++-------
Melee: Whip              ||   235
  Use: Potion            ||     1
 Stab: Sleeping          ||     2
  Eat: Chunk             ||     2
Armor: Plate armour      ||   228
       Robe              ||     1
Dodge: Dodged            ||    57
